 Dungeon Crawl Stone Soup version bcrawl-1.37.1 (webtiles) character file.

Game seed: 11545317325168810822

137495 Hadkhar the Sneak (level 4, -7/44 HPs)
             Began as a Naga Monk on Oct 11, 2022.
             Mangled by a gnoll
             ... wielding a +0 halberd
              (9 damage)
             ... on level 2 of the Dungeon.
             The game lasted 00:08:04 (1617 turns).

Hadkhar the Sneak (Naga Monk)                       Turns: 1617, Time: 00:08:05

Health: -7/44      AC:  2    Str: 14    XL:     4   Next: 39%
Magic:  0/5        EV: 10    Int: 10    God:
Gold:   120        SH:  0    Dex: 14    Spells: 3/3 levels left

rFire    . . .     GDR:     27% a - +0 hand axe
rCold    . . .     SeeInvis +   (no shield)
rNeg     . . .     Gourm    .   b - +0 robe
rPois    +         Faith    .   (no helmet)
rElec    .         Spirit   +   (no cloak)
rCorr    .         Reflect  .   (no gloves)
MR       .....                  (no barding)
Stlth    +++.......             d - amulet of guardian spirit
HPRegen  0.17/turn              (no ring)
MPRegen  0.09/turn              (no ring)

@: very slow
A: large, tail, swims, see invisible, deformed body, poison resistance, slowness
2, slow metabolism 1, spit poison 1, AC +1
a: Spit Poison


You were on level 2 of the Dungeon.
You were hungry.

You visited 1 branch of the dungeon, and saw 2 of its levels.

You collected 120 gold pieces.

Inventory:

Hand Weapons
 a - a +0 hand axe (weapon)
 j - a +0 halberd
Armour
 b - a +0 robe (worn)
 c - a +0 hat
Jewellery
 d - an amulet of guardian spirit (around neck)
Scrolls
 f - a scroll of remove curse
 g - a scroll of fog {unknown}
 h - a scroll of blinking {unknown}
Comestibles
 e - 2 rations {!d}
 i - 2 chunks of flesh


   Skills:
 * Level 3.7 Fighting
 + Level 3.8 Axes
 * Level 1.1 Armour
 - Level 2.4 Dodging
 + Level 4.1 Stealth
   Level 2.1 Invocations


You had 3 spell levels left.
You didn't know any spells.
Your spell library was empty.

Dungeon Overview and Level Annotations

Branches:
Dungeon (2/12)

Altars:
Yredelemnul


Innate Abilities, Weirdness & Mutations

You cannot wear boots.
You can swim through water.
Your serpentine skin is tough. (AC +1)
You have supernaturally acute eyesight. (SInv)
Armour fits poorly on your strangely shaped body.
Your system is resistant to poisons. (rPois)
You cover ground very slowly.
You have a slow metabolism.
You can spit poison.


Message History

You slash the gnoll!
You kill the gnoll!
You now have 120 gold pieces (gained 21).
You see here a +0 halberd.
j - a +0 halberd You start resting.
A gnoll comes into view. It is wielding a +0 halberd.
The gnoll hits you from afar with a +0 halberd.
* * * LOW HITPOINT WARNING * * *
You see here a +0 club.
The gnoll hits you from afar with a +0 halberd!
* * * LOW HITPOINT WARNING * * *
You see here a +0 hand axe.
The gnoll misses you.
You are feeling hungry.
The gnoll barely misses you.
The gnoll hits you from afar with a +0 halberd!
* * * LOW HITPOINT WARNING * * *
The gnoll hits you from afar with a +0 halberd!
You die...

#.........# #.#
########### #.# #.#
#.# #.#####
#############.....#
#.................###
#.#.#.#.####.........
#..###.@# #.......###
#.## ##.# ##......#
#..###.g# ##.#####
#.####.#.#.#.# #.#
#............# #.#
#..####.#.##.# ##+##
# #.#.##.# ##...##
##.#.##.###..)..##
#....##.##.......##


You could see a gnoll.

Vanquished Creatures
  2 gnolls (D:2)
  A worm (D:2)
  4 dart slugs
  2 leopard geckos (D:1)
  A giant cockroach (D:2)
  6 hobgoblins
  4 jackals (D:1)
  5 kobolds
  A quokka (D:2)
  3 ball pythons
  4 bats
  2 frilled lizards (D:1)
  3 goblins
  11 rats
49 creatures vanquished.

Notes
Turn   | Place    | Note
-------+----------+-------------------------------------------
     0 | D:1      | Hadkhar the Naga Monk began the quest for the Orb.
     0 | D:1      | Reached XP level 1. HP: 21/21 MP: 2/2
     8 | D:1      | Noticed an electric eel
    31 | D:1      | Noticed an electric eel
   135 | D:1      | Reached XP level 2. HP: 19/28 MP: 3/3
   373 | D:1      | Reached XP level 3. HP: 33/34 MP: 4/4
   627 | D:1      | Reached skill level 1 in Armour
  1041 | D:2      | Found a basalt altar of Yredelemnul.
  1137 | D:2      | Reached skill level 4 in Stealth
  1502 | D:2      | Reached XP level 4. HP: 33/42 MP: 3/5
  1615 | D:2      | HP: 1/44 [gnoll/+0 halberd (7)]
  1617 | D:2      | Mangled by a gnoll

Skill      XL: |  1  2  3 |
---------------+----------+-----
Armour         | 1 |  1.1
Stealth        | 4 |  4.1
Fighting       | |  3.7
Axes           | |  3.8
Dodging        | |  2.4
Invocations    | |  2.1

Action                   |  1- 3 |  4- 6 || total
-------------------------+-------+-------++-------
Melee: Hand axe          |   115 |    15 ||   130
 Stab: Sleeping          |     3 |       ||     3
  Eat: Chunk             |     2 |     3 ||     5
Armor: Robe              |    25 |       ||    25
Dodge: Dodged            |    69 |     6 ||    75
